 Dungeon Crawl Stone Soup version 0.22-a0-373-gab1296c (webtiles) character file.

400 iamserjio the Quickloader (level 7, 0/40 HPs)
             Began as a Kobold Hunter on Apr 25, 2018.
             Slain by a gnoll (4 damage)
             ... on level 4 of the Dungeon.
             The game lasted 00:05:34 (2556 turns).

iamserjio the Quickloader (Kobold Hunter)           Turns: 2556, Time: 00:05:35

Health: 0/40       AC:  4    Str: 11    XL:     7   Next: 10%
Magic:  7/7        EV:  9    Int: 13    God:
Gold:   131        SH:  0    Dex: 15    Spells: 6/6 levels left

rFire    . . .     SeeInvis .   m - +2 short sword (venom)
rCold    . . .     Gourm    .   (shield restricted)
rNeg     . . .     Faith    .   c - +0 leather armour
rPois    .         Spirit   .   j - +0 helmet
rElec    .         Reflect  .   (no cloak)
rCorr    .         Harm     .   (no gloves)
MR       .....                  (no boots)
Stlth    ++........             (no amulet)
HPRegen  0.13/turn              (no ring)
MPRegen  0.10/turn              (no ring)

@: held
A: small, carnivore
a: no special abilities


You were on level 4 of the Dungeon.
You were full.

You visited 1 branch of the dungeon, and saw 4 of its levels.

You collected 131 gold pieces.

Inventory:

Hand Weapons
 a - a +1 hand crossbow
 b - a +0 short sword
 h - a +1 dagger of draining
 m - a +2 short sword of venom (weapon)
Missiles
 u - 8 bolts
Armour
 c - a +0 leather armour (worn)
 j - a +0 helmet (worn)
Wands
 r - a wand of polymorph (18)
Scrolls
 l - 2 scrolls of remove curse {unknown}
 n - a scroll of magic mapping {unknown}
 q - 2 scrolls of blinking {unknown}
 s - a scroll of amnesia {unknown}
 t - a scroll of noise {unknown}
Potions
 d - a potion of lignification {unknown}
 e - a potion of cancellation
 g - 3 potions of ambrosia {unknown}
 i - 2 potions of might {unknown}
 k - 2 potions of resistance
 o - a potion of brilliance {unknown}
 p - a potion of haste {unknown}
Comestibles
 f - 6 rations


   Skills:
 - Level 2.1 Fighting
 * Level 8.1 Crossbows
 + Level 5.0 Dodging
 * Level 2.8 Stealth


You had 6 spell levels left.
You didn't know any spells.

Dungeon Overview and Level Annotations

Branches:
Dungeon (4/15)
 Temple: D:4-7

Altars:


Innate Abilities, Weirdness & Mutations

You are small and have problems with some larger weapons.
You are carnivorous and can eat meat at any time.


Message History

The gnoll barely misses you.
You shred the net and break free! The gnoll hits you with a spear.
The gnoll hits you from afar with a spear.
You barely miss the gnoll. The gnoll hits you with a spear.
The gnoll hits you from afar with a spear!
You hit the gnoll.
The gnoll is moderately wounded.
The gnoll closely misses you. The gnoll completely misses you.
The gnoll hits you but does no damage. The gnoll barely misses you.
The gnoll barely misses you.
The gnoll throws a throwing net.
The throwing net hits you.
You become entangled in the net!
You see here a throwing net.
You struggle against the net.
The gnoll hits you from afar with a spear.
* * * LOW HITPOINT WARNING * * *
You struggle against the net.
The gnoll misses you.
The gnoll hits you from afar with a spear!
* * * LOW HITPOINT WARNING * * *
The gnoll hits you.
You die...

..#######.#.....## ..
#.# ........ #. ..# #.#
#..#...#... ..# #.#
#....#...# ..## #.#
#.#.###.###...# ..#####
#....#...#....#
......####..#..g#gg.#
#####.........#..g#....#
########.###@###...#
#...#..$# ......
#.#...#...#.....
#.......?....##.
######.......# .#####..
.# . .# .#


You could see 4 gnolls.

Vanquished Creatures
  Sigmund (D:3)
  The ghost of VDreamerV the Insei, an amateur OpTm of the Shining One (D:4)
  4 gnolls (D:3)
  5 adders
  A worm (D:2)
  An orc (D:3)
  5 bats
  2 giant cockroaches (D:1)
  5 goblins
  6 hobgoblins
  A quokka (D:3)
  3 frilled lizards
  9 kobolds
  A leopard gecko skeleton (D:2)
  7 rats
52 creatures vanquished.

Notes
Turn   | Place    | Note
-------+----------+-------------------------------------------
     0 | D:1      | iamserjio the Kobold Hunter began the quest for the Orb.
     0 | D:1      | Reached XP level 1. HP: 12/12 MP: 1/1
   120 | D:1      | Reached skill level 5 in Crossbows
   128 | D:1      | Reached XP level 2. HP: 11/17 MP: 2/2
   306 | D:1      | Reached XP level 3. HP: 21/21 MP: 3/3
  1180 | D:2      | Reached skill level 6 in Crossbows
  1180 | D:2      | Reached XP level 4. HP: 26/26 MP: 4/4
  1495 | D:3      | Noticed Sigmund
  1506 | D:3      | Killed Sigmund
  1506 | D:3      | Reached skill level 7 in Crossbows
  1506 | D:3      | Reached XP level 5. HP: 10/30 MP: 5/5
  1506 | D:3      | Reached XP level 6. HP: 12/35 MP: 6/6
  2332 | D:4      | Noticed VDreamerV's ghost (amateur OpTm)
  2345 | D:4      | Killed VDreamerV's ghost
  2345 | D:4      | Reached skill level 8 in Crossbows
  2345 | D:4      | Reached skill level 5 in Dodging
  2345 | D:4      | Reached XP level 7. HP: 31/40 MP: 7/7
  2556 | D:4      | Slain by a gnoll

Vault maps used:
D:1:      lemuel_arrival_hallway
D:2:      dk_noncrumbling_4
D:3:      first_ration, uniq_sigmund
D:4:      lemuel_doored_altar, kennysheep_mini, minmay_misc_feat_four_crosses,
          grunt_dithmenos_smoke

Skill      XL: |  1  2  3  4  5  6 |
---------------+-------------------+-----
Crossbows      | 5 6 7 8 |  8.1
Dodging        | 3 4 5 |  5.0
Stealth        | 2 |  2.8
Fighting       | |  2.1

Action                   |  1- 3 |  4- 6 |  7- 9 || total
-------------------------+-------+-------+-------++-------
Melee: Short sword       |       |    28 |     2 ||    30
 Fire: Hand crossbow     |    65 |    53 |       ||   118
  Use: Potion            |       |     2 |       ||     2
  Eat: Chunk             |       |    10 |       ||    10
Armor: Leather armour    |     6 |     5 |     1 ||    12
Dodge: Dodged            |    21 |    33 |     9 ||    63

Table legend:
 A = Spawn XP
 B = Non-spawn XP
 C = Spawn XP percentage of total XP
 D = Spawn monster count
 E = Non-spawn monster count
 F = Spawn count percentage of total count
 G = Total turns spent on level
                    A         B        C        D         E        F      G
               +---------+---------+-------+---------+---------+-------+---------
         Total |       0 |     572 |   0.0 |       0 |      52 |   0.0 |  2556
               +---------+---------+-------+---------+---------+-------+---------
           D:1 |       0 |      35 |   0.0 |       0 |      23 |   0.0 |   563
           D:2 |       0 |      43 |   0.0 |       0 |      11 |   0.0 |   752
           D:3 |       0 |     332 |   0.0 |       0 |      17 |   0.0 |   998
           D:4 |       0 |     162 |   0.0 |       0 |       1 |   0.0 |   243
               +---------+---------+-------+---------+---------+-------+---------
